 Dungeon Crawl Stone Soup version 0.29-a0-994-gc5c9f59d18 (webtiles) character file.

Game seed: 7180356691761271515

134 xian the Grasshopper (level 5, 0/43 HPs)
             Began as a Gnoll Warper on Aug 4, 2022.
             Slain by an orc priest
             ... wielding a +0 club
              (5 damage)
             ... on level 3 of the Dungeon.
             The game lasted 00:05:58 (1957 turns).

xian the Grasshopper (Gnoll Warper)                 Turns: 1957, Time: 00:05:59

Health: 0/43       AC: 11    Str: 12    XL:     5   Next: 17%
Magic:  12/12      EV:  3    Int: 12    God:
Gold:   49         SH:  0    Dex: 12    Spells: 12/14 levels left

rFire   . . .      SeeInvis .   a - +0 falchion
rCold   . . .      Faith    .   (no shield)
rNeg    . . .      Spirit   .   i - +0 plate armour
rPois   .          Reflect  .   (no helmet)
rElec   .          Harm     .   (no cloak)
rCorr   .          Rampage  .   (no gloves)
Will    .....                   (no boots)
Stlth   ..........              p - amulet of regeneration
HPRegen 0.94/turn               (no ring)
MPRegen 0.13/turn               (no ring)

@: hasted, very quick
A: fangs 1, strong nose, distributed training
a: no special abilities


You were on level 3 of the Dungeon.
You visited 1 branch of the dungeon, and saw 3 of its levels.

You collected 49 gold pieces.

Inventory:

Hand Weapons
 a - a +0 falchion (weapon)
Missiles
 d - 7 boomerangs of dispersal
 j - 4 curare-tipped darts
 m - a boomerang (quivered)
Armour
 i - a +0 plate armour (worn)
Jewellery
 p - an amulet of regeneration (around neck)
Wands
 o - a wand of digging (5)
Scrolls
 c - a scroll of blinking
 f - a scroll of fear {unknown}
 h - 2 scrolls of enchant armour
 k - a scroll of magic mapping {unknown}
 l - a scroll of teleportation
 q - a scroll of fog {unknown}
Potions
 b - a potion of haste
 g - 2 potions of curing {unknown}
 n - a potion of magic {unknown}


   Skills:
 + Level 4.7 Fighting
 + Level 1.4 Short Blades
 + Level 4.7 Long Blades
 + Level 1.4 Axes
 + Level 1.4 Maces & Flails
 + Level 1.4 Polearms
 + Level 1.4 Staves
 + Level 1.4 Ranged Weapons
 + Level 2.9 Throwing
 + Level 2.9 Armour
 + Level 4.7 Dodging
 + Level 1.4 Stealth
 + Level 1.4 Shields
 + Level 1.4 Unarmed Combat
 + Level 5.2 Spellcasting
 + Level 1.1 Conjurations
 + Level 1.1 Hexes
 + Level 1.1 Summonings
 + Level 1.1 Necromancy
 + Level 5.5 Translocations
 + Level 1.1 Transmutations
 + Level 1.1 Fire Magic
 + Level 1.1 Ice Magic
 + Level 1.1 Air Magic
 + Level 1.1 Earth Magic
 + Level 1.1 Poison Magic
 + Level 1.6 Invocations
 + Level 1.4 Evocations


You had 12 spell levels left.
You knew the following spells:

 Your Spells              Type           Power      Damage    Failure   Level
a - Blink                 Tloc           32%        N/A       99%         2

Your spell library contained the following spells:

 Spells                   Type           Power      Damage    Failure   Level
 Gell's Gravitas          Tloc           16%        N/A       100%        3
 Lesser Beckoning         Tloc           16%        N/A       100%        3
 Teleport Other           Tloc           16%        N/A       100%        3
 Manifold Assault         Tloc           16%        N/A       100%        5


Dungeon Overview and Level Annotations

Branches:
Dungeon (3/15)

Altars:
Fedhas
Yredelemnul


Innate Abilities, Weirdness & Mutations

You have very sharp teeth.
Your uncanny sense of smell can sniff out nearby items.
Your experience applies equally to all skills.


Message History

You closely miss the orc.
The orc priest hits you but does no damage.
The orc hits you with a +0 flail. The orc completely misses you.
You hit the orc.
The orc is moderately wounded.
The orc priest hits you but does no damage.
The orc hits you with a +0 flail. The orc hits you with a +0 short sword.
The orc priest invokes the aid of Beogh against you.
Beogh smites you!
Unknown command.
You barely miss the orc priest.
The orc priest is almost dead.
The orc priest barely misses you. The orc barely misses you.
The orc hits you but does no damage.
The orc priest hits you with a +0 vampiric whip.
The orc hits you but does no damage.
You hit the orc priest.
You kill the orc priest!
The orc hits you but does no damage.
The orc priest invokes the aid of Beogh against you.
Beogh smites you!
* * * LOW HITPOINT WARNING * * *
The orc hits you but does no damage.
You have reached level 5!
You slash the orc!
You kill the orc!
The orc hits you but does no damage.
You hit the orc priest but do no damage.
You bite the orc priest, but do no damage.
The orc priest hits you but does no damage.
The orc barely misses you.
You hit the orc priest.
The orc priest is lightly wounded.
The orc priest mumbles some strange prayers to Beogh against you.
Beogh smites you!
* * * LOW HITPOINT WARNING * * *
The orc hits you but does no damage.
It was a potion of haste.
You feel yourself speed up. The orc priest hits you with a +0 club.
You die...

#.## ..#.## ##
#..# # ###..♣♣♣.#
##.# #. #...♣.♣
#.# .### ♣..♣.♣
#.# ..#♣♣.♣.♣.♣.♣
#.# #.#♣.♣.....♣
#.#
#.#♣♣.♣._.♣...#
####.####
#o)♣.♣♣...♣♣..#
#.......#
#@o.♣.♣♣♣♣♣
##.#####.#
#.##♣♣.♣ ...#
#.#######.# ♣.♣
...# #......##)#
♣.♣ .#.#
#.####.##.# #..
#..#####..........
.##
.#.......#########
# .##.####.# .##.#
#.#


You could see an orc priest and an orc.

Vanquished Creatures
  An orc priest (D:3)
  A scorpion zombie (D:3)
  A hound zombie (D:3)
  2 adders (D:2)
  2 dart slugs
  An orc (D:3)
  2 endoplasms
  2 giant cockroaches
  3 goblins
  2 hobgoblins (D:2)
  4 jackals (D:2)
  A quokka (D:2)
  6 ball pythons
  A ball python zombie (D:3)
  8 bats
  4 frilled lizards
  2 kobolds (D:1)
  5 rats (D:1)
48 creatures vanquished.

Notes
Turn   | Place    | Note
-------+----------+-------------------------------------------
     0 | D:1      | xian the Gnoll Warper began the quest for the Orb.
     0 | D:1      | Reached XP level 1. HP: 20/20 MP: 6/6
   259 | D:1      | Reached XP level 2. HP: 26/26 MP: 7/7
   291 | D:1      | Found a faded altar of an unknown god.
   620 | D:1      | Learned a level 2 spell: Blink
   858 | D:2      | Reached skill level 5 in Spellcasting
   858 | D:2      | Reached XP level 3. HP: 19/31 MP: 7/9
  1352 | D:2      | Reached skill level 1 in Invocations
  1428 | D:2      | Reached skill level 1 in Short Blades
  1428 | D:2      | Reached skill level 1 in Axes
  1428 | D:2      | Reached skill level 1 in Maces & Flails
  1428 | D:2      | Reached skill level 1 in Polearms
  1428 | D:2      | Reached skill level 1 in Staves
  1428 | D:2      | Reached skill level 1 in Ranged Weapons
  1428 | D:2      | Reached skill level 1 in Stealth
  1428 | D:2      | Reached skill level 1 in Shields
  1428 | D:2      | Reached skill level 1 in Unarmed Combat
  1428 | D:2      | Reached skill level 1 in Evocations
  1440 | D:2      | Reached XP level 4. HP: 30/38 MP: 11/11
  1613 | D:3      | Found a blossoming altar of Fedhas.
  1905 | D:3      | Found a basalt altar of Yredelemnul.
  1917 | D:3      | Reached skill level 1 in Conjurations
  1917 | D:3      | Reached skill level 1 in Hexes
  1917 | D:3      | Reached skill level 1 in Summonings
  1917 | D:3      | Reached skill level 1 in Necromancy
  1917 | D:3      | Reached skill level 1 in Transmutations
  1917 | D:3      | Reached skill level 1 in Fire Magic
  1917 | D:3      | Reached skill level 1 in Ice Magic
  1917 | D:3      | Reached skill level 1 in Air Magic
  1917 | D:3      | Reached skill level 1 in Earth Magic
  1917 | D:3      | Reached skill level 1 in Poison Magic
  1954 | D:3      | Reached XP level 5. HP: 13/43 MP: 12/12
  1957 | D:3      | Slain by an orc priest

Illustrated notes

Levels and vault maps discovered:
D:1:      dpeg_arrival_simpleton_c, layout_loops_ring,
          dreamdust_ecumenical_altar_statues
D:2:      layout_rooms, minmay_pentomino_x2
D:3:      minmay_octagon_keep, layout_loops_ring, mainiacjoe_overflow_catwalk,
          nicolae_yredelemnul_corpse_copse, kennysheep_generic_room_13

Skill      XL: |  1  2  3  4 |
---------------+-------------+-----
Spellcasting   | 5 |  5.2
Invocations    | 1 |  1.6
Short Blades   | 1 |  1.4
Axes           | 1 |  1.4
Maces & Flails | 1 |  1.4
Polearms       | 1 |  1.4
Staves         | 1 |  1.4
Ranged Weapons | 1 |  1.4
Stealth        | 1 |  1.4
Shields        | 1 |  1.4
Unarmed Combat | 1 |  1.4
Evocations     | 1 |  1.4
Conjurations   | 1 |  1.1
Hexes          | 1 |  1.1
Summonings     | 1 |  1.1
Necromancy     | 1 |  1.1
Transmutations | 1 |  1.1
Fire Magic     | 1 |  1.1
Ice Magic      | 1 |  1.1
Air Magic      | 1 |  1.1
Earth Magic    | 1 |  1.1
Poison Magic   | 1 |  1.1
Fighting       | |  4.7
Long Blades    | |  4.7
Throwing       | |  2.9
Armour         | |  2.9
Dodging        | |  4.7
Translocations | |  5.5

Action                   |  1- 3 |  4- 6 || total
-------------------------+-------+-------++-------
Melee: Falchion          |   150 |    46 ||   196
       Bite              |     8 |     6 ||    14
       Punch             |     1 |     2 ||     3
Throw: Boomerang         |    13 |     3 ||    16
  Use: Scroll            |       |     2 ||     2
       Potion            |       |     1 ||     1
Armor: Leather armour    |     6 |       ||     6
       Plate armour      |   157 |    37 ||   194
Dodge: Dodged            |    46 |     8 ||    54

Table legend: (Time is in decaauts)
 A = Elapsed time spent in this place.
 B = Non-inter-level travel time spent in this place.
 C = Inter-level travel time spent in this place.
 D = Time resting spent in this place.
 E = Time spent auto-exploring this place.
 F = Levels seen in this place.
 G = Mean time per level.
                   A        B        C        D        E       F      G
               +--------+--------+--------+--------+--------+-----+--------+
         Total |   1973 |   1944 |     29 |      0 |   1313 |   3 |  657.7 |
       Dungeon |   1973 |   1944 |     29 |      0 |   1313 |   3 |  657.7 |
               +--------+--------+--------+--------+--------+-----+--------+

Top non-repeatable levels by time:
     D:1: 825 daAuts
     D:2: 800 daAuts
     D:3: 347 daAuts
